 Dungeon Crawl Stone Soup version 0.30-a0-576-g89cddaab80 (webtiles) character file.

Game seed: 6211233523193933812

375 arthad the Digger (level 7, 0/47 HPs)
             Began as a Meteoran Earth Elementalist on Dec 31, 2022.
             Was a Follower of Vehumet.
             Slain by an ice beast (12 damage)
             ... on level 5 of the Dungeon.
             The game lasted 00:08:38 (2646 turns).

arthad the Digger (Meteoran Earth Elementalist)     Turns: 2646, Time: 00:08:38

Health: 0/47       AC:  3    Str: 11    XL:     7   Next: 24%
Magic:  30/32      EV: 13    Int: 18    God:    Vehumet [*.....]
Gold:   177        SH:  0    Dex: 14    Spells: 7/14 levels left

rFire   + . .      SeeInvis .    n - +4 mace "Woilizo" {pain, Drain rF+ MP+9}
rCold   . . .      Faith    .    (no shield)
rNeg    . . .      Spirit   .    a - +1 robe
rPois   .          Reflect  .    (no helmet)
rElec   .          Harm     .    (no cloak)
rCorr   +          Rampage  .    (no gloves)
Will    .....                    (no boots)
Stlth   +                        (no amulet)
HPRegen 0.27/turn                m - ring of resist corrosion
MPRegen 0.23/turn                q - ring of magical power

@: glowing
A: sense surroundings 1, otherworldly, glowing, explore regen
a: Renounce Religion


You were on level 5 of the Dungeon.
You worshipped Vehumet.
Vehumet was aware of your devotion.
You visited 1 branch of the dungeon, and saw 6 of its levels.
You also visited: Sewer.

You collected 177 gold pieces.

Inventory:

Hand Weapons
 n - the +4 mace "Woilizo" (weapon) {pain, Drain rF+ MP+9}
   (You took it off a goblin on level 2 of the Dungeon)

   In the hands of one skilled in necromantic magic, it inflicts extra damage on
   living creatures.
   rF:        It protects you from fire.
   MP:        It affects your magic capacity (+9).
   Drain:     It drains your maximum health when unequipped.
 o - a +0 hand axe of holy wrath
Missiles
 g - 4 atropa-tipped darts
Armour
 a - a +1 robe (worn)
Jewellery
 m - a ring of resist corrosion (left hand)
 q - a ring of magical power (right hand)
Wands
 l - a wand of digging (5)
 y - a wand of roots (19)
Scrolls
 e - a scroll of teleportation
 f - 5 scrolls of identify
 h - a scroll of fog {unknown}
 i - 2 scrolls of immolation
 j - a scroll of magic mapping
 t - a scroll of silence {unknown}
 x - a scroll of noise {unknown}
 z - a scroll of vulnerability {unknown}
 A - a scroll of fear
 B - a scroll of brand weapon {unknown}
Potions
 b - 2 potions of magic
 c - 3 potions of brilliance
 d - a potion of lignification {unknown}
 k - 2 potions of curing {unknown}
 p - 2 potions of cancellation {unknown}
 r - a potion of might {unknown}
 s - 2 potions of heal wounds {unknown}
 u - a potion of invisibility {unknown}
 v - a potion of mutation {unknown}
 w - a potion of flight {unknown}


   Skills:
 + Level 1.7 Fighting
 + Level 1.3 Armour
 + Level 3.2 Dodging
 * Level 2.6 Stealth
 * Level 4.1 Spellcasting
 * Level 2.2 Conjurations
 * Level 1.9 Necromancy
 + Level 2.5 Transmutations
 * Level 4.7 Earth Magic


You had 7 spell levels left.
You knew the following spells:

 Your Spells              Type           Power      Damage    Failure   Level
a - Sandblast             Erth           40%        2d10      1%          1
b - Magic Dart            Conj           44%        1d5       6%          1
c - Stone Arrow           Conj/Erth      32%        3d9       11%         3
d - Passwall              Tmut/Erth      13%        N/A       4%          2

Your spell library contained the following spells:

 Spells                   Type           Power      Damage    Failure   Level
 Shock                    Conj/Air       28%        1d4       9%          1
 Kiss of Death            Conj/Necr      44%        2d8       6%          1
 Searing Ray              Conj           22%        2d5       9%          2
 Petrify                  Tmut/Erth      16%        N/A       32%         4
 Confusing Touch          Hex            3%         N/A       41%         3
 Portal Projectile        Hex/Tloc       6%         N/A       41%         3
 Tukima's Dance           Hex            3%         N/A       41%         3
 Dispel Undead            Necr           10%        3d9       54%         4
 Fulminant Prism          Conj/Hex       3%         3d5       65%         4
 Blade Hands              Tmut           6%         N/A       80%         5


Dungeon Overview and Level Annotations

Branches:
Dungeon (6/15) Zot: 1282    Sewer (visited)
 Temple: D:4-7

Altars:
Ashenzari
Dithmenos
Trog
Vehumet

Annotations:
D:6 3 runed translucent doors


Innate Abilities, Weirdness & Mutations

You passively map a small area around you.
You are easily found by Zot.
You glow in the dark.
You regain HP and MP as you explore.


Message History

Found a stone staircase leading down.
Found a runed translucent gate.
Found a stone staircase leading up.
s - 2 blue potions (gained 1)
A scorpion comes into view.
Found 9 gold pieces.
The scorpion moves out of view.
Found a runed falchion.
There is a stone staircase leading up here.
The blast of sand hits the scorpion!
The scorpion is heavily wounded.
You climb upwards.
Magic restored.
There is a stone staircase leading down here.
z - a scroll labelled WUOLULEC POYRI
A - a scroll of fear You now have 177 gold pieces (gained 17).
You open the door.
There is an open door here.
Found a leather armour.
There is a shaft here.
Found a chain mail.
You see here a +0 chain mail.
Found a dagger.
Found a stone staircase leading down.
B - a scroll labelled QUSHIESIRGH An ice beast comes into view.
You see here a wand of roots (12).
You can't see any susceptible monsters within range! (Use Z to cast anyway.)
y - a wand of roots (19) (gained 12 charges)
The blast of sand hits the ice beast but does no damage.
The blast of sand hits the ice beast!
The ice beast is moderately wounded.
The blast of sand hits the ice beast.
The ice beast is moderately wounded.
The ice beast hits you. The ice beast freezes you!
The blast of sand hits the ice beast!
The ice beast is severely wounded.
The ice beast hits you. The ice beast freezes you! The ice beast hits you.
* * * LOW HITPOINT WARNING * * *
The ice beast freezes you!
You die...

, ...... ,, #..#.# *
* .###..#.# * * * ,
..(...... , , * ,
........# * *
*........####### , ,
........Y......
*#####..@#####.# ,
,...>..........#,* ,
#.##.#...####..#.#
.........## #..#.# ,
#.........###..#.#
............#..#.#
#.##.#....#.#..#.#
,,.......##.#..#.# ,
..........#.#..#.###


You could see an ice beast.

Vanquished Creatures
  A black bear (D:4)
  3 jellies (Sewer)
  An orc wizard (D:4)
  3 adders
  3 river rats
  A shadow imp (D:4)
  2 worms
  3 dart slugs
  6 orcs
  16 ball pythons
  5 bats
  11 endoplasms
  7 giant cockroaches
  3 goblins
  3 hobgoblins
  6 quokkas
  6 frilled lizards
  6 kobolds
  7 rats
93 creatures vanquished.

Notes
Turn   | Place    | Note
-------+----------+-------------------------------------------
     0 | D:1      | arthad the Meteoran Earth Elementalist began the quest for
                  | the Orb.
     0 | D:1      | Reached XP level 1. HP: 14/14 MP: 5/5
   155 | D:1      | Reached XP level 2. HP: 20/20 MP: 2/6
   491 | D:1      | Glimpsed the power of Zot.
   541 | D:1      | Glimpsed the power of Zot.
   581 | D:1      | Glimpsed the power of Zot.
   591 | D:1      | Touched by the power of Zot.
   631 | D:2      | Reached XP level 3. HP: 20/20 MP: 6/8
   745 | D:2      | Learned a level 1 spell: Magic Dart
   843 | D:2      | Identified the +4 mace "Woilizo" {pain, Drain rF+ MP+9}
  1175 | D:3      | Reached skill level 1 in Fighting
  1175 | D:3      | Reached XP level 4. HP: 28/28 MP: 9/9
  1316 | D:3      | Found a radiant altar of Vehumet.
  1325 | D:3      | Became a worshipper of Vehumet
  1354 | D:3      | Found a broken altar of Ashenzari.
  1404 | D:3      | Found a bloodstained altar of Trog.
  1808 | D:4      | Reached XP level 5. HP: 18/34 MP: 11/11
  1810 | D:4      | Reached skill level 1 in Conjurations
  1944 | D:4      | Reached skill level 1 in Necromancy
  1949 | D:4      | Found a glowing drain.
  2015 | Sewer    | Entered a sewer
  2047 | Sewer    | Reached * piety under Vehumet
  2047 | Sewer    | Offered knowledge of Freeze by Vehumet.
  2052 | Sewer    | Learned a level 3 spell: Stone Arrow
  2055 | Sewer    | Learned a level 2 spell: Passwall
  2106 | Sewer    | Reached XP level 6. HP: 40/40 MP: 12/12
  2128 | Sewer    | Found a viscous altar of Jiyva.
  2153 | Sewer    | Reached skill level 1 in Armour
  2365 | D:4      | Offered knowledge of Shock by Vehumet.
  2386 | D:4      | Found a shadowy altar of Dithmenos.
  2468 | D:4      | Noticed a black bear
  2471 | D:4      | Killed a black bear
  2472 | D:4      | Reached XP level 7. HP: 38/47 MP: 14/14
  2521 | D:4      | You fall into a shaft and drop 2 floors!
  2530 | D:6      | Found a runed translucent gate.
  2530 | D:6      | Found a runed translucent gate.
  2530 | D:6      | Found a runed translucent gate.
  2551 | D:5      | Entered Level 5 of the Dungeon
  2646 | D:5      | Slain by an ice beast

Illustrated notes

Levels and vault maps discovered:
D:1:      minmay_arrival_four_circles, layout_loops_ring, minivault_5
D:2:      minmay_alternating_diamond, layout_loops_cross
D:3:      layout_basic, mainiacjoe_overflow_tiny_flanked,
          mainiacjoe_overflow_catch_the_wave
D:4:      layout_basic, lemuel_tele_altar, gup_sewer_entry_spiral, uniq_duvessa
D:5:      layout_basic
D:6:      gammafunk_steamed_eel, layout_basic, nzn_hepliaklqana_mist_gate,
          mainiacjoe_overflow_alcove_2, temple_statues, gammafunk_ghost_icy,
          serial_park_tiny_2

Skill      XL: |  1  2  3  4  5  6 |
---------------+-------------------+-----
Spellcasting   | 3 4 |  4.1
Earth Magic    | 4 |  4.7
Fighting       | 1 |  1.7
Stealth        | 2 |  2.6
Transmutations | 2 |  2.5
Conjurations   | 1 2 |  2.2
Necromancy     | 1 |  1.9
Dodging        | 3 |  3.2
Armour         | 1 |  1.3

Action                   |  1- 3 |  4- 6 |  7- 9 || total
-------------------------+-------+-------+-------++-------
 Cast: Sandblast         |    45 |    99 |     5 ||   149
  Use: Scroll            |       |     6 |       ||     6
Armor: Robe              |     3 |    10 |       ||    13
Dodge: Dodged            |     3 |    25 |       ||    28

Table legend: (Time is in decaauts)
 A = Elapsed time spent in this place.
 B = Non-inter-level travel time spent in this place.
 C = Inter-level travel time spent in this place.
 D = Time resting spent in this place.
 E = Time spent auto-exploring this place.
 F = Levels seen in this place.
 G = Mean time per level.
                   A        B        C        D        E       F      G
               +--------+--------+--------+--------+--------+-----+--------+
         Total |   2774 |   2714 |     60 |     62 |   1965 |   7 |  396.3 |
       Dungeon |   2516 |   2456 |     60 |     62 |   1915 |   6 |  419.3 |
         Sewer |    258 |    258 |      0 |      0 |     49 |   1 |  258.0 |
               +--------+--------+--------+--------+--------+-----+--------+

Top non-repeatable levels by time:
     D:3: 702 daAuts
     D:1: 601 daAuts
     D:4: 563 daAuts
     D:2: 521 daAuts
   Sewer: 258 daAuts
     D:5: 96 daAuts
     D:6: 30 daAuts
